Map: Frost LE

Players

iAmJeffReY

  • Race: Terran Terran
  • League: Master

Miszu - Winner!

  • Race: Zerg Zerg
  • League: Master

VOD

Have the link to the VOD?

Description

Time

  • Played on: June 27, 2016, 1:25 p.m.
  • Length: 34:16
Show
View Real Time Build Order
Export as new Build Order

iAmJeffReY Terran 

Build Orders: Hellion Banshee 

Get SALT Encoding   

  12  0:01  SCV  
  13  0:13  SCV  
  14  0:17  Supply Depot  
  14  0:25  SCV  
  15  0:38  SCV  
  15  0:40  Barracks  
  16  0:48  Refinery  
  16  0:50  SCV  
  17  1:03  SCV  
  18  1:15  SCV  
  19  1:27  Orbital Command  
  19  1:30  Barracks Reactor  
  19  1:44  Refinery  
  19  1:53  Command Center  
  19  1:54  SCV  
  20  2:05  Supply Depot  
  20  2:08  Reaper x2  
  20  2:10  SCV  
  23  2:27  SCV  
  23  2:29  Factory  
  24  2:38  Supply Depot  
  24  2:39  SCV  
  24  2:42  Marine x2  
  26  2:51  SCV  
  27  3:02  Marine x2  
  29  3:05  Bunker  
  29  3:09  Orbital Command  
  29  3:16  SCV  
  30  3:28  SCV  
  31  3:34  Barracks Tech Lab  
  31  3:37  Hellion x2  
  31  3:40  SCV  
  36  3:42  Supply Depot  
  36  3:51  SCV  
  37  3:58  Hellion x2  
  37  3:59  SCV  
  42  4:03  SCV  
  42  4:05  Starport  
  43  4:20  SCV x2  
  44  4:30  Hellion x2  
  48  4:32  SCV x2  
  48  4:35  Supply Depot  
  48  4:37  Supply Depot  
  50  4:42  Cloaking Field, Banshee  
  50  4:44  SCV x2  
  55  4:56  SCV x2  
  57  5:05  Command Center  
  57  5:08  SCV  
  57  5:09  SCV  
  59  5:19  Hellion x2  
  59  5:20  SCV  
  59  5:21  SCV  
  65  5:27  Supply Depot  
  65  5:33  SCV x2  
  65  5:34  Barracks Tech Lab  
  67  5:35  Starport  
  67  5:39  Starport  
  67  5:45  SCV x2  
  67  5:46  Refinery  
  67  5:47  Armory  
  69  5:51  Banshee  
  72  5:57  SCV x2  
  72  6:00  Barracks Tech Lab  
  72  6:13  SCV x2  
  72  6:14  Hellion x2  
  72  6:17  Supply Depot x2  
  78  6:25  SCV  
  79  6:28  Command Center  
  77  6:35  Terran Vehicle And Ship Armor Level 1  
  78  6:40  Barracks Tech Lab, SCV x2, Orbital Command  
  78  6:42  Banshee  
  78  6:43  Banshee x2  
  88  6:50  Engineering Bay  
  88  6:53  SCV x2  
  90  6:58  Refinery  
  90  7:05  Barracks Reactor, Starport  
  90  7:06  SCV x2  
  90  7:07  Supply Depot  
  92  7:09  Supply Depot  
  92  7:15  Liberator  
  92  7:17  Liberator, SCV  
  92  7:18  SCV  
  93  7:25  Raven  
  93  7:26  SCV  
  93  7:28  Supply Depot  
  93  7:29  Refinery x2, SCV  
  97  7:30  SCV  
  104  7:40  Missile Turret  
  104  7:42  Missile Turret  
  104  7:50  SCV x2  
  106  7:51  Starport  
  106  7:52  Liberator  
  106  7:53  Missile Turret  
  106  7:54  SCV  
  106  7:55  Liberator  
  106  7:56  Missile Turret  
  107  8:01  Missile Turret  
  107  8:02  SCV  
  107  8:03  SCV  
  107  8:05  Supply Depot  
  109  8:07  Armory  
  115  8:16  Liberator  
  115  8:24  Liberator  
  115  8:26  SCV, Planetary Fortress, Missile Turret  
  115  8:27  SCV x2  
  118  8:29  Missile Turret  
  118  8:30  Missile Turret  
  118  8:31  Supply Depot  
  118  8:33  Supply Depot  
  121  8:38  SCV  
  121  8:39  SCV  
  123  8:47  SCV, Missile Turret  
  127  8:51  SCV  
  127  8:52  SCV  
  127  8:53  Command Center  
  129  8:59  SCV  
  130  9:05  Missile Turret  
  130  9:09  Missile Turret  
  130  9:10  Missile Turret  
  130  9:11  Refinery, SCV x2, Missile Turret  
  130  9:12  Refinery  
  120  9:30  Viking x2  
  120  9:31  Viking x2  
  126  9:40  Viking x2  
  130  9:47  SCV x2, Missile Turret  
  130  9:49  Missile Turret x3  
  129  10:09  Viking x3, SCV x2  
  129  10:11  Viking  
  129  10:12  Viking x2  
  141  10:20  Building Armor  
  141  10:26  Terran Vehicle And Ship Armor Level 2  
  141  10:27  Fusion Core, Command Center  
  141  10:28  Terran Ship Weapons Level 1  
  141  10:29  Liberator  
  141  10:30  Liberator x4  
  141  10:35  Sensor Tower, Missile Turret  
  141  10:36  Missile Turret x2  
  156  10:57  Planetary Fortress  
  156  11:11  Missile Turret  
  156  11:12  Refinery, Missile Turret  
  156  11:13  Refinery, Missile Turret  
  156  11:16  Missile Turret  
  156  11:17  Hyperflight Rotors, Advanced Ballistics  
  156  11:24  SCV x4  
  160  11:36  SCV  
  159  11:49  Viking x4  
  167  11:58  Missile Turret  
  167  11:59  Missile Turret  
  167  12:01  Supply Depot  
  167  12:02  Supply Depot  
  167  12:03  Supply Depot, SCV x5  
  172  12:18  Planetary Fortress  
  172  12:19  Command Center  
  172  12:23  Banshee x3, Missile Turret  
  172  12:24  Command Center, Banshee  
  184  12:36  Command Center  
  184  12:38  Hellion  
  184  12:39  Hellion  
  185  12:55  Command Center  
  185  13:08  Factory x2  
  185  13:09  Terran Vehicle And Ship Armor Level 3, Terran Ship Weapons Level 2  
  185  13:10  Factory  
  185  13:15  Missile Turret x2  
  185  13:18  Supply Depot x2  
  185  13:27  Explosive Shrapnel Shells, Corvid Reactor  
  185  13:37  Planetary Fortress x2  
  185  13:39  Missile Turret  
  184  13:50  Hi-Sec Auto Tracking  
  173  14:08  Viking  
  173  14:09  Viking x3  
  173  14:16  Raven x2  
  176  14:27  Missile Turret  
  176  14:28  Missile Turret  
  176  14:29  Missile Turret  
  176  14:36  Orbital Command  
  176  14:37  Factory Tech Lab  
  176  14:38  Raven, Factory Tech Lab x2  
  176  14:43  Raven  
  180  14:59  Raven x2  
  184  15:06  Missile Turret  
  184  15:07  Thor x2, Missile Turret  
  172  15:08  Thor  
  172  15:11  Hellion x2  
  172  15:12  Infernal Pre-Igniter  
  194  15:21  Refinery x2  
  194  15:42  Command Center x2  
  191  15:44  Command Center  
  191  15:49  Terran Ship Weapons Level 3  
  191  15:50  Command Center, Terran Vehicle Weapons Level 1  
  191  15:53  Thor  
  191  15:54  Command Center  
  197  16:21  Missile Turret  
  197  16:24  Missile Turret  
  197  16:25  Missile Turret x2  
  197  16:32  Sensor Tower  
  197  16:33  Siege Tank  
  198  16:40  Sensor Tower  
  198  16:46  Missile Turret  
  196  16:48  Missile Turret  
  196  16:50  Missile Turret  
  196  16:52  Missile Turret  
  196  16:56  Orbital Command x2  
  196  16:59  Missile Turret  
  196  17:04  Orbital Command  
  196  17:05  Missile Turret  
  196  17:06  Missile Turret  
  196  17:07  Missile Turret  
  196  17:08  Missile Turret x2  
  196  17:09  Missile Turret  
  196  17:21  Planetary Fortress  
  196  17:27  Missile Turret  
  196  17:28  Missile Turret  
  191  17:41  Hellion x3  
  191  17:42  Hellion  
  199  17:45  Missile Turret x2  
  199  17:46  Terran Vehicle Weapons Level 2  
  199  17:47  Command Center  
  199  18:19  Missile Turret  
  199  18:21  Missile Turret x2  
  199  18:22  Command Center  
  199  18:23  Missile Turret  
  199  18:25  Refinery, Missile Turret  
  199  18:27  Refinery  
  199  18:30  Starport  
  199  18:31  Starport, Planetary Fortress  
  199  18:33  Missile Turret  
  199  18:34  Starport  
  199  18:35  Starport x2, Missile Turret  
  193  18:47  Thor x3  
  194  19:09  Starport Tech Lab x2  
  190  19:12  Starport Tech Lab x2  
  177  19:18  Raven x4  
  185  19:42  Orbital Command  
  185  19:53  Missile Turret  
  185  19:54  Siege Tank x3  
  185  19:55  Hellion x2  
  198  20:01  Raven  
  198  20:04  Terran Vehicle Weapons Level 3  
  193  20:23  Planetary Fortress  
  188  20:38  Raven  
  188  20:39  Raven x3  
  195  20:49  Barracks x2  
  195  20:50  Barracks  
  195  20:51  Ghost Academy  
  192  21:07  Missile Turret  
  192  21:09  Missile Turret  
  186  21:11  Missile Turret  
  186  21:23  Raven  
  186  21:24  Raven x2  
  184  21:43  Raven x4  
  184  21:45  Barracks Tech Lab x2  
  184  21:46  Personal Cloaking, Barracks Tech Lab  
  182  21:51  Command Center  
  182  21:53  Missile Turret  
  182  21:55  Siege Tank x2  
  182  21:58  Missile Turret  
  188  22:38  Ghost x2  
  188  22:39  Refinery, Ghost  
  194  22:49  Command Center  
  194  23:08  Command Center  
  194  23:10  Command Center  
  194  23:11  Missile Turret  
  194  23:14  Missile Turret x2  
  194  23:19  Supply Depot  
  194  23:21  Supply Depot  
  194  23:27  Ghost  
  194  23:28  Ghost x2  
  200  23:42  Missile Turret x3  
  163  24:39  Viking x8  
  163  24:44  Ghost x3  
  163  25:05  Viking x2, Raven  
  137  25:09  Raven, Planetary Fortress x3, Banshee x3  
  137  25:14  Refinery  
  134  25:19  Thor x3  
  152  25:22  Starport Reactor, Viking x3  
  158  25:29  Ghost x2  
  158  25:30  Marine  
  158  25:32  Liberator x3  
  158  25:35  Liberator x3  
  179  26:02  Siege Tank x3  
  188  26:06  Ghost x2  
  194  26:25  Viking x4  
  126  27:09  Viking x8  
  126  27:11  Reaper  
  103  27:19  Viking  
  103  27:20  Viking x2  
  104  27:24  Thor x3  
  104  27:26  Hellion x2  
  126  27:42  Terran Infantry Weapons Level 1  
  126  27:44  Barracks x2  
  126  27:45  Barracks  
  126  27:47  Hellion  
  128  27:54  Liberator x2  
  128  27:55  Liberator x3  
  127  28:10  Siege Tank x2  
  145  28:28  Liberator  
  145  28:43  Ghost Academy, Barracks  
  145  28:44  Barracks  
  145  28:46  Barracks  
  145  28:47  Hellion x2, Barracks  
  145  28:48  Hellion x3  
  158  28:53  Barracks  
  158  28:59  Barracks Tech Lab x4  
  158  29:09  Hellion x2  
  162  29:18  Stimpack  
  159  29:34  Marine x8  
  162  29:45  Marine  
  162  29:47  Hellion x2  
  162  29:51  Marine  
  162  29:52  Marine x7  
  174  29:58  Terran Infantry Weapons Level 2  
  173  30:03  Marine  
  170  30:09  Marine  
  170  30:10  Marine x7  
  178  30:24  Hellion x5  
  178  30:27  Marine  
  178  30:28  Marine x5  
  175  30:45  Marine x2, Hellion x3  
  179  30:51  Marine x4  
  179  30:52  Combat Shields  
  181  31:03  Marine x2  
  176  31:08  Marine  
  176  31:09  Marine  
  162  31:12  Marine  
  162  31:16  Marine  
  140  31:21  Marine x2  
  111  31:26  Marine  
  111  31:27  Marine  
  111  31:29  Marine, Hellion x3  
  106  31:33  Marine  
  106  31:38  Marine  
  106  31:39  Marine  
  101  31:41  Liberator x2  
  101  31:42  Liberator  
  101  31:44  Marine  
  101  31:45  Marine  
  103  31:47  Marine  
  103  31:51  Marine  
  109  31:56  Marine  
  109  31:57  Marine, Medivac x2  
  112  32:02  Marine x2  
  112  32:05  Marine  
  115  32:09  Marine  
  115  32:14  Marine  
  96  32:20  Marine x2  
  76  32:23  Marine  
  76  32:27  Marine  
  73  32:37  Marine  
  73  32:38  Marine  
  73  32:41  Marine  
  67  32:45  Marine  
  67  32:47  Liberator x3  
  62  32:55  Marine  
  62  32:56  Marine  
  58  32:59  Marine  
  58  33:02  Marine  
  64  33:07  Medivac  
  64  33:09  Liberator  
  66  33:13  Marine  
  66  33:14  Marine  
  66  33:16  Marine  
Show
View Real Time Build Order
Export as new Build Order

Miszu Zerg - Winner!

Build Orders: Hatch First 

Get SALT Encoding   

  12  0:01  Drone  
  13  0:14  Overlord  
  13  0:18  Drone  
  14  0:32  Drone x2  
  16  0:37  Drone  
  17  0:53  Hatchery  
  17  0:56  Drone  
  17  1:05  Drone  
  17  1:10  Extractor  
  17  1:15  Spawning Pool  
  17  1:17  Drone  
  17  1:20  Drone  
  18  1:30  Drone  
  19  1:44  Overlord  
  19  1:51  Drone  
  20  2:02  Queen  
  20  2:05  Queen  
  20  2:06  Zergling x4  
  26  2:13  Drone  
  27  2:17  Metabolic Boost  
  27  2:18  Drone  
  28  2:29  Drone x2  
  30  2:35  Overlord  
  30  2:38  Drone  
  30  2:43  Queen  
  33  2:45  Drone  
  34  2:51  Drone  
  34  2:53  Pneumatized Carapace  
  34  2:56  Drone  
  36  2:59  Drone  
  37  3:06  Drone  
  37  3:12  Drone x4  
  42  3:15  Zergling x6  
  44  3:22  Spore Crawler  
  44  3:23  Spore Crawler  
  41  3:35  Drone x3  
  44  3:51  Hatchery  
  44  3:53  Drone  
  44  3:55  Extractor, Lair  
  43  3:56  Extractor  
  43  4:01  Overlord  
  42  4:04  Drone x2  
  42  4:05  Roach Warren  
  43  4:21  Drone x6  
  48  4:43  Evolution Chamber  
  48  4:44  Evolution Chamber  
  46  4:46  Roach x2  
  46  4:48  Overlord x2  
  46  4:50  Drone  
  51  4:55  Glial Reconstitution  
  51  5:01  Spore Crawler  
  51  5:06  Drone  
  53  5:07  Roach x5  
  53  5:08  Roach x2  
  65  5:14  Queen  
  65  5:18  Drone x3  
  65  5:21  Overseer  
  70  5:35  Drone x3  
  73  5:39  Overlord  
  73  5:55  Spore Crawler  
  72  5:57  Queen x2  
  72  5:58  Drone x5  
  80  6:16  Drone x2  
  82  6:25  Extractor, Spire  
  77  6:36  Extractor  
  77  6:38  Extractor  
  81  6:44  Overlord x2  
  75  6:49  Drone x7  
  75  6:52  Infestation Pit  
  81  7:05  Drone x8  
  81  7:07  Drone x3  
  92  7:09  Hatchery  
  88  7:35  Overlord x5  
  88  7:37  Corruptor  
  88  7:41  Roach  
  88  7:42  Roach x3  
  98  7:44  Overlord x2  
  98  7:45  Overlord x2  
  98  7:46  Overlord x3  
  98  8:08  Corruptor x7  
  98  8:11  Corruptor  
  114  8:15  Corruptor  
  116  8:20  Corruptor  
  116  8:23  Corruptor  
  120  8:42  Corruptor  
  120  8:43  Corruptor x4  
  130  8:51  Zerg Missile Weapons Level 1, Hydralisk Den  
  130  8:53  Zerg Ground Armor Level 1  
  129  9:02  Corruptor  
  127  9:06  Drone x2  
  127  9:07  Drone  
  132  9:23  Drone  
  132  9:24  Drone x4  
  131  9:42  Roach x3  
  137  9:50  Overlord  
  137  9:51  Muscular Augments  
  139  9:53  Roach  
  137  10:14  Hive  
  137  10:15  Hydralisk x3  
  137  10:16  Hydralisk x12  
  167  10:28  Hatchery  
  166  10:34  Zerg Flyer Weapons Level 1  
  165  10:48  Drone x2  
  165  10:49  Zerg Ground Armor Level 2, Zerg Missile Weapons Level 2, Spore Crawler x2, Drone x2  
  166  10:57  Overseer x2  
  166  11:00  Hydralisk x4  
  174  11:06  Overlord x2  
  174  11:20  Extractor  
  174  11:22  Extractor  
  174  11:24  Spire  
  171  11:30  Viper x3  
  180  11:34  Hydralisk  
  180  11:35  Hydralisk  
  184  11:44  Hatchery  
  179  11:54  Hydralisk x3  
  179  11:56  Viper  
  188  12:07  Overlord  
  188  12:11  Drone x8  
  188  12:12  Drone x4  
  200  12:38  Spore Crawler  
  200  12:40  Spore Crawler x2  
  200  12:43  Spore Crawler  
  194  12:50  Extractor  
  193  12:51  Extractor  
  193  12:54  Drone  
  193  12:55  Drone  
  194  13:08  Spore Crawler x3  
  191  13:15  Spore Crawler x3  
  191  13:18  Spore Crawler x2  
  186  13:21  Spore Crawler  
  182  13:47  Hatchery  
  163  14:10  Spore Crawler  
  163  14:11  Drone x2  
  163  14:12  Spore Crawler, Drone x2  
  163  14:13  Drone x9, Spore Crawler  
  163  14:14  Spore Crawler  
  170  14:17  Extractor  
  170  14:18  Viper x3  
  178  14:43  Drone x2  
  180  14:56  Zerg Flyer Weapons Level 2, Zerg Flyer Armor Level 1  
  168  15:15  Hydralisk x5  
  168  15:16  Hydralisk x2, Infestor x2  
  168  15:17  Infestor x5  
  168  15:20  Burrow  
  198  15:24  Drone  
  198  15:25  Drone  
  198  15:38  Drone x4  
  196  15:46  Pathogen Glands  
  196  15:53  Drone x4  
  200  16:08  Extractor  
  200  16:09  Spore Crawler  
  200  16:10  Drone x2  
  200  16:11  Spore Crawler  
  199  16:18  Spore Crawler  
  199  16:21  Spine Crawler x2  
  199  16:22  Drone x2, Spine Crawler  
  199  16:23  Drone x2  
  199  16:24  Spine Crawler  
  199  16:25  Drone, Spine Crawler  
  198  16:28  Drone  
  199  16:48  Spine Crawler  
  199  16:50  Spore Crawler  
  199  16:54  Spore Crawler  
  196  17:04  Zerg Ground Armor Level 3, Zerg Missile Weapons Level 3  
  196  17:06  Zerg Flyer Armor Level 2  
  192  17:49  Extractor x2  
  186  18:10  Viper x3  
  186  18:11  Corruptor x5  
  200  18:17  Spore Crawler x2  
  200  18:18  Drone, Spore Crawler  
  200  18:19  Spore Crawler, Drone x3  
  200  18:32  Hatchery  
  187  19:07  Drone x14  
  193  19:31  Corruptor  
  193  19:32  Corruptor  
  193  19:33  Greater Spire  
  193  19:34  Zerg Flyer Weapons Level 3  
  197  19:45  Extractor  
  193  19:46  Extractor  
  190  19:53  Adrenal Glands  
  190  19:55  Zerg Melee Weapons Level 1  
  190  19:59  Nydus Network  
  189  20:01  Nydus Network  
  186  20:20  Spine Crawler  
  186  20:21  Spore Crawler x2  
  184  20:23  Spore Crawler x2  
  184  20:24  Drone x19  
  198  20:34  Hydralisk  
  200  20:51  Spore Crawler  
  199  20:57  Overseer x2  
  197  21:18  Zergling x24  
  200  21:19  Zergling x8  
  200  21:20  Zergling x4  
  196  21:26  Drone  
  185  21:50  Nydus Canal  
  185  21:58  Zerg Melee Weapons Level 2  
  185  22:04  Hydralisk  
  185  22:05  Hydralisk x6  
  185  22:24  Nydus Canal  
  185  22:28  Brood Lord x7  
  199  22:40  Spore Crawler x2  
  199  22:42  Spore Crawler  
  199  22:43  Spore Crawler  
  195  22:44  Spore Crawler  
  195  22:49  Drone x6, Spore Crawler, Spine Crawler  
  195  22:50  Drone, Spine Crawler  
  198  22:52  Spine Crawler  
  198  22:53  Spore Crawler  
  198  22:54  Spine Crawler x2  
  191  23:11  Drone x9  
  191  23:12  Drone x7  
  199  23:13  Spore Crawler  
  199  23:16  Drone x2, Spore Crawler  
  195  23:42  Corruptor  
  195  23:43  Corruptor  
  199  24:16  Spine Crawler  
  198  24:18  Spine Crawler  
  198  24:19  Spine Crawler  
  198  24:22  Spore Crawler  
  195  24:25  Spine Crawler  
  195  24:27  Spine Crawler  
  195  24:28  Spine Crawler  
  180  24:45  Hydralisk  
  180  24:46  Hydralisk x9  
  181  25:03  Infestor x2  
  181  25:04  Viper x5  
  181  25:05  Viper x2  
  182  25:10  Brood Lord  
  182  25:11  Brood Lord x8  
  182  25:12  Brood Lord  
  198  25:16  Corruptor  
  196  25:41  Spore Crawler x2, Hatchery  
  189  25:43  Spore Crawler  
  189  25:44  Spore Crawler  
  189  25:47  Overseer x5  
  185  25:52  Corruptor  
  185  25:53  Corruptor x6  
  193  26:34  Hydralisk x3  
  149  27:18  Queen  
  149  27:19  Queen x4  
  149  27:21  Hydralisk x2  
  149  27:22  Infestor  
  163  27:23  Infestor  
  163  27:24  Hydralisk x6  
  163  27:25  Hydralisk x8  
  195  27:43  Hydralisk x2  
  197  27:45  Zerg Melee Weapons Level 3  
  197  27:49  Extractor  
  198  27:52  Extractor  
  198  27:58  Spine Crawler  
  191  28:25  Corruptor x2  
  190  29:13  Overlord x3  
  190  29:14  Overlord  
  188  29:33  Drone x12  
  200  29:40  Hatchery  
  199  29:56  Extractor, Corruptor  
  200  30:42  Spore Crawler  
  199  30:45  Spore Crawler  
  105  31:26  Hydralisk x17  
  105  31:27  Hydralisk  
  117  31:36  Hydralisk x3  
  117  31:39  Hydralisk x6  
  116  31:48  Hydralisk x2  
  116  31:50  Hydralisk x5  
  116  31:53  Queen x5  
  116  31:54  Queen  
  142  32:01  Hydralisk  
  142  32:04  Hydralisk x6  
  156  32:11  Roach  
  156  32:12  Roach x6  
  158  32:20  Corruptor  
  158  32:31  Infestor x3  
  158  32:32  Infestor x4  
  158  32:34  Brood Lord x2  
  168  33:06  Extractor, Corruptor  
  168  33:10  Extractor  
  168  33:12  Spore Crawler  
  167  33:13  Spine Crawler  
  167  33:18  Queen x2  
  170  33:40  Overseer x3  
Tags
 
Composition
Hellion Banshee
Matchup
TvZ
Player
Miszu
Add a new tag
Caveats
  • Supply blocks, unpowered buildings, or Contaminate may cause inaccurate times.
  • Supply counts are checked every 10 seconds.